 Dungeon Crawl Stone Soup version 0.24-a0-130-ga3c21ff (webtiles) character file.

Game seed: 13392952554786409065

16480 gruber the Fighter (level 12, -14/116 (117) HPs)
             Began as a Hill Orc Fighter on Feb 26, 2019.
             Was a High Priest of Okawaru.
             Demolished by a very large slime creature (56 damage)
             ... on level 12 of the Dungeon.
             The game lasted 00:17:54 (11721 turns).

gruber the Fighter (Hill Orc Fighter)              Turns: 11721, Time: 00:17:55

HP:   -14/116 (117) AC: 18    Str: 32    XL:     12   Next: 38%
MP:   18/21         EV: 21    Int:  8    God:    Okawaru [*****.]
Gold: 810           SH:  0    Dex: 11    Spells: 11/11 levels left

rFire    . . .     SeeInvis .   M - +2 battleaxe (freeze)
rCold    . . .     Gourm    .   (shield currently unavailable)
rNeg     . . .     Faith    .   U - +1 scale mail of Ticy {Str+6}
rPois    +         Spirit   .   j - +1 helmet
rElec    .         Reflect  .   s - +0 cloak (curse)
rCorr    .         Harm     .   (no gloves)
MR       .....                  N - +1 pair of boots "Pahuqut" {+Blink rPois Str+3 Stlth-}
Stlth    ..........             p - amulet of rage
HPRegen  0.29/turn              m - ring of magical power
MPRegen  0.17/turn              r - +4 ring of evasion

@: heroism, studying Bows
A: no striking features
a: Heroism, Finesse, Renounce Religion, Evoke Blink, Evoke Berserk Rage


You were on level 12 of the Dungeon.
You worshipped Okawaru.
Okawaru was extremely pleased with you.
You were very hungry.

You visited 1 branch of the dungeon, and saw 12 of its levels.
You also visited: Sewer.

You collected 810 gold pieces.

Inventory:

Hand Weapons
 a - a +0 war axe
 w - a +2 whip of electrocution
 K - a +0 blowgun
 M - a +2 battleaxe of freezing (weapon)
 P - a +1 demon trident of venom
 Q - the cursed +2 trident of Spite {pain, +Fly rPois Str-5 SInv}
   (You found it on level 8 of the Dungeon)

   In the hands of one skilled in necromantic magic, it inflicts extra damage on
   living creatures.
   It affects your strength (-5).
   It protects you from poison.
   It lets you see invisible.
   It lets you fly.
   It has a curse placed upon it.
Missiles
 L - 44 poisoned needles
 O - 3 poisoned tomahawks (quivered)
Armour
 c - a +0 shield
 j - a +1 helmet (worn)
 s - a cursed +0 cloak (worn)
 I - a +2 leather armour of cold resistance
 N - the +1 pair of boots "Pahuqut" (worn) {+Blink rPois Str+3 Stlth-}
   (You found it on level 7 of the Dungeon)

   It affects your strength (+3).
   It protects you from poison.
   It lets you blink.
   It makes you less stealthy.
 U - the +1 scale mail of Ticy (worn) {Str+6}
   (You found it on level 12 of the Dungeon)

   It affects your strength (+6).
Jewellery
 b - an uncursed ring of fire
 g - an uncursed ring of poison resistance
 m - a ring of magical power (left hand)
 p - an amulet of rage (around neck)
 r - a +4 ring of evasion (right hand)
Wands
 H - a wand of flame (25)
 S - a wand of paralysis (9)
 T - a wand of random effects (17)
Scrolls
 h - 2 scrolls of immolation {unknown}
 i - 4 scrolls of identify
 o - 4 scrolls of enchant weapon {unknown}
 x - 2 scrolls of amnesia {unknown}
 y - 3 scrolls of fog {unknown}
 z - 4 scrolls of magic mapping {unknown}
 A - a scroll of enchant armour {unknown}
 B - a scroll of brand weapon {unknown}
 C - 10 scrolls of remove curse {unknown}
 E - 2 scrolls of blinking {unknown}
 F - 3 scrolls of teleportation {unknown}
 J - 2 scrolls of noise {unknown}
 R - a scroll of acquirement {unknown}
Potions
 d - 2 potions of might
 e - 9 potions of curing
 k - a potion of haste
 l - 3 potions of brilliance
 q - a potion of flight
 t - 7 potions of heal wounds
 u - 6 potions of agility
 v - a potion of cancellation
 D - a potion of invisibility
 G - 2 potions of magic
Books
 n - a manual of Bows
Comestibles
 f - 24 rations


   Skills:
 - Level 14.3(19.3) Fighting
 * Level 11.7(16.7) Axes
 - Level 10.0(15.0) Armour
 - Level 8.3(13.3) Dodging
 - Level 3.2(8.2) Shields


You had 11 spell levels left.
You didn't know any spells.
Your spell library contained the following spells:

 Spells                   Type           Power        Failure   Level  Hunger
 Corona                   Hex            #......      56%         1    ##.....
 Ensorcelled Hibernation  Hex/Ice        #.....       71%         2    ###....
 Confuse                  Hex            #.......     91%         3    ####...
 Dazzling Spray           Conj/Hex       #.....       91%         3    ####...
 Tukima's Dance           Hex            #.......     91%         3    ####...


Dungeon Overview and Level Annotations

Branches:
Dungeon (12/15)            Temple (0/1) D:4            Lair (0/6) D:8
    Orc (0/2) D:10

Altars:
Okawaru
Qazlal
Wu Jian


Message History

Okawaru accepts your kill.
You hit the very large slime creature.
You freeze the very large slime creature.
The very large slime creature is lightly wounded.
The very large slime creature barely misses you.
The large slime creature quivers.
You hit the very large slime creature but do no damage.
The very large slime creature is lightly wounded.
The very large slime creature hits you.
You slice the very large slime creature!!
You freeze the very large slime creature!
The very large slime creature is lightly wounded.
You barely miss the very large slime creature.
The very large slime creature is lightly wounded.
The very large slime creature misses you.
You slice the very large slime creature!!
You freeze the very large slime creature.
The very large slime creature is moderately wounded.
The very large slime creature hits you!!!
You die...

. ########J>..
##...@JYYJY..
##..##########
#..#####. y.#
#.###... .
#.##..#y.
##.###...#%.
#...# ###y.#
########).###.#
.
#.........##y.


You could see a very large slime creature, a large slime creature, a slime
creature, 2 yaks, a hornet and a sky beast.

Vanquished Creatures
  2 two-headed ogres
  Urug (D:10)
  Nergalle (D:11)
  An unseen horror (D:10)
  Pikel (D:6)
  An ugly thing (D:11)
  A cyclops (D:11)
  A manticore (D:12)
  A gargoyle (D:12)
  A centaur skeleton (D:10)
  2 trolls (D:12)
  3 slime creatures (D:12)
  3 hippogriffs
  A spriggan (D:7)
  A wraith (D:11)
  2 wyverns
  14 yaks
  A warg (D:10)
  A soldier ant (D:10)
  7 orc warriors
  4 ice beasts
  4 sky beasts
  An eye of draining (D:7)
  3 phantoms
  3 black bears
  A necrophage (D:5)
  7 ogres
  3 centaurs
  8 bullfrogs
  A big kobold (D:10)
  5 scorpions
  3 killer bees (D:10)
  4 wights (D:6)
  7 crimson imps
  8 howler monkeys
  4 bullfrog zombies
  5 hounds
  2 jellies
  14 orc priests
  10 orc wizards
  Crazy Yiuf (D:4)
  3 bullfrog skeletons
  A gnoll shaman (D:4)
  Natasha (thrice) (D:3)
  5 iguanas
  7 worker ants
  A hound zombie (D:10)
  A howler monkey zombie (D:7)
  Robin (D:3)
  21 gnolls
  15 adders
  4 river rats (Sewer)
  3 shadow imps
  2 oozes
  3 adder skeletons
  3 worms
  3 leopard geckos
  53 orcs
  9 ball pythons
  3 bats
  3 giant cockroaches
  20 goblins
  11 hobgoblins
  13 jackals
  24 kobolds
  5 quokkas
  A ball python skeleton (D:5)
  5 frilled lizards
  2 leopard gecko skeletons (D:4)
  2 quokka zombies
  30 rats
401 creatures vanquished.

Vanquished Creatures (others)
  A slave (D:7)
  An orc (D:7)
  4 toadstools (D:1)
6 creatures vanquished.

Grand Total: 407 creatures vanquished

Notes
Turn   | Place    | Note
-------+----------+-------------------------------------------
     0 | D:1      | gruber the Hill Orc Fighter began the quest for the Orb.
     0 | D:1      | Reached XP level 1. HP: 19/19 MP: 1/1
    52 | D:1      | Reached XP level 2. HP: 23/26 MP: 2/2
   298 | D:1      | Reached XP level 3. HP: 31/31 MP: 3/3
   693 | D:2      | Reached skill level 5 in Axes
  1034 | D:3      | Reached XP level 4. HP: 39/39 MP: 4/4
  1166 | D:3      | Noticed Robin
  1197 | D:3      | Killed Robin
  1369 | D:3      | Noticed Natasha
  1375 | D:3      | Killed Natasha
  1375 | D:3      | Reached XP level 5. HP: 45/45 MP: 5/5
  1591 | D:3      | Noticed Natasha
  1603 | D:3      | Killed Natasha
  1645 | D:3      | Noticed Natasha
  1656 | D:3      | Killed Natasha
  1923 | D:4      | Reached XP level 6. HP: 51/51 MP: 6/6
  2108 | D:4      | Reached XP level 7. HP: 49/57 MP: 7/7
  2475 | D:4      | Reached skill level 10 in Axes
  2516 | D:4      | Reached skill level 4 in Fighting
  2617 | D:4      | Found a staircase to the Ecumenical Temple.
  2847 | D:4      | Found a runed translucent door.
  2848 | D:4      | Noticed Crazy Yiuf
  2894 | D:4      | Killed Crazy Yiuf
  2933 | D:5      | Entered Level 5 of the Dungeon
  2965 | D:5      | Reached skill level 5 in Fighting
  3030 | D:5      | Reached skill level 6 in Fighting
  3262 | D:5      | Reached XP level 8. HP: 63/71 MP: 8/8
  3277 | D:5      | Reached skill level 7 in Fighting
  3595 | D:5      | Reached skill level 8 in Fighting
  3620 | D:5      | Found an ornate altar of the Wu Jian Council.
  3943 | D:6      | Reached skill level 9 in Fighting
  4018 | D:6      | Found a glowing drain.
  4045 | Sewer    | Entered a sewer
  4701 | D:6      | Reached skill level 10 in Fighting
  4808 | D:6      | Reached XP level 9. HP: 85/85 MP: 9/9
  5241 | D:7      | Reached skill level 11 in Fighting
  5308 | D:7      | Got a pair of distressingly furry boots
  5309 | D:7      | Identified the +1 pair of boots "Pahuqut" {+Blink rPois
                  | Str+3 Stlth-} (You found it on level 7 of the Dungeon)
  5468 | D:7      | Noticed Pikel
  5471 | D:7      | Reached skill level 12 in Fighting
  5864 | D:6      | Killed Pikel
  5864 | D:6      | Reached skill level 13 in Fighting
  6248 | D:7      | Reached XP level 10. HP: 100/101 MP: 10/10
  6288 | D:7      | Found an iron altar of Okawaru.
  6302 | D:7      | Reached skill level 14 in Fighting
  6314 | D:7      | Became a worshipper of Warmaster Okawaru
  6891 | D:8      | Reached skill level 1 in Dodging
  7282 | D:8      | Reached * piety under Okawaru
  7282 | D:8      | Reached skill level 5 in Armour
  7401 | D:8      | Found a staircase to the Lair.
  7603 | D:8      | Got a warped trident
  7604 | D:8      | Identified the cursed +2 trident of Spite {pain, +Fly rPois
                  | Str-5 SInv} (You found it on level 8 of the Dungeon)
  7915 | D:9      | Noticed a two-headed ogre
  7922 | D:9      | Killed a two-headed ogre
  7922 | D:9      | Reached ** piety under Okawaru
  8476 | D:9      | Got a translucent falchion
  8477 | D:9      | Identified the cursed +3 falchion "Qaojouz" {slice, rC+
                  | Dex+3} (You found it on level 9 of the Dungeon)
  8628 | D:10     | Entered Level 10 of the Dungeon
  8628 | D:10     | Noticed a two-headed ogre
  8632 | D:10     | Killed a two-headed ogre
  8632 | D:10     | Reached XP level 11. HP: 97/109 MP: 8/11
  8725 | D:10     | Killed an unseen horror
  8725 | D:10     | Reached *** piety under Okawaru
  8725 | D:10     | Reached skill level 5 in Dodging
  9196 | D:10     | Found a staircase to the Orcish Mines.
  9250 | D:10     | Reached **** piety under Okawaru
  9799 | D:10     | Noticed Urug
  9811 | D:10     | Killed Urug
 10123 | D:11     | Noticed Nergalle
 10144 | D:11     | Killed Nergalle
 10558 | D:11     | Noticed a green ugly thing
 10577 | D:11     | Killed a green ugly thing
 10577 | D:11     | Reached ***** piety under Okawaru
 10639 | D:11     | Reached XP level 12. HP: 97/116 MP: 12/12
 11189 | D:12     | Reached skill level 10 in Armour
 11430 | D:12     | Found a stormy altar of Qazlal.
 11530 | D:12     | Received a gift from Okawaru
 11538 | D:12     | Got a dazzling scale mail
 11539 | D:12     | Identified the +1 scale mail of Ticy {Str+6} (You found it
                  | on level 12 of the Dungeon)
 11721 | D:12     | Demolished by a very large slime creature

Levels and vault maps discovered:
D:1:      ldierk_walled_garden_2, layout_loops_ring, minivault_26,
          hangedman_feature_mirror, serial_bayou_pond_a
D:2:      layout_rooms
D:3:      layout_loops_ring, first_ration, serial_aquarium,
          aquarium_bridge_long_joined [aquarium_subvault_window,
          aquarium_subvault_bridge, aquarium_subvault_wall,
          aquarium_subvault_wall, aquarium_subvault_bridge,
          aquarium_subvault_bridge], aquarium_window_2, aquarium_window_1,
          aquarium_window_corner, aquarium_view_4, uniq_robin, uniq_natasha
D:4:      layout_cave_pools, minmay_temple_entry_from_below_b,
          uniq_crazy_yiuf_cottage
D:5:      layout_basic, kennysheep_mini_moat, eino_tiny_chamber,
          hangedman_minor_gate_pass
D:6:      minmay_diamond_boxcup, layout_gridville, cheibrodos_sewer_entry_bend
D:7:      kennysheep_six_static_rooms, layout_basic, basic_altar,
          roderic_three_in_a_row, the_bakery, uniq_pikel
D:8:      layout_loops_ring, lair_entry_dummy
D:9:      layout_loops_cross
D:10:     layout_grid_maze, erik_orc_4, uniq_urug
D:11:     layout_cave_pools, gauntlet_entry_generic, minmay_orc_keep,
          uniq_nergalle
D:12:     layout_roguey, gammafunk_ghost_hive, basic_altar,
          introduction_to_nature_2
Sewer:    sewer_minmay_treatment

Skill      XL: |  1  2  3  4  5  6  7  8  9 10 11 12 |
---------------+-------------------------------------+-----
Axes           | 3 4 5 6 8 9 10 11 | 11.7
Fighting       | 6 10 13 14 | 14.3
Armour         | 7 9 10 | 10.0
Dodging        | 4 7 8 |  8.3
Shields        | |  3.2

Action                   |  1- 3 |  4- 6 |  7- 9 | 10-12 || total
-------------------------+-------+-------+-------+-------++-------
Melee: War axe           |    97 |   167 |   273 |       ||   537
       Battleaxe         |       |       |    91 |   517 ||   608
Invok: Heroism           |       |       |       |     7 ||     7
       Finesse           |       |       |       |     1 ||     1
  Use: Scroll            |       |       |     1 |    12 ||    13
 Stab: Sleeping          |       |       |     1 |       ||     1
  Eat: Chunk             |       |     4 |    10 |    18 ||    32
       Ration            |       |       |     1 |       ||     1
Armor: Scale mail        |    38 |    71 |    32 |    10 ||   151
       Leather armour    |       |       |    79 |   168 ||   247
Dodge: Dodged            |    21 |    64 |   177 |   499 ||   761
Block: Shield            |    46 |    81 |   133 |       ||   260

Table legend:
 A = Non-vault XP
 B = Vault XP
 C = Vault XP percentage of total XP
 D = Non-vault monster count
 E = Vault monster count
 F = Vault count percentage of total count
                 A         B        C        D         E       F
            +---------+---------+-------+---------+---------+-------
      Total |   19261 |    4283 |  18.2 |     291 |     110 |  27.4
            +---------+---------+-------+---------+---------+-------
        D:1 |      42 |       3 |   6.7 |      23 |       2 |   8.0
        D:2 |      23 |       0 |   0.0 |      12 |       0 |   0.0
        D:3 |     145 |      73 |  33.5 |      17 |      14 |  45.2
        D:4 |     552 |      41 |   6.9 |      30 |       1 |   3.2
        D:5 |     418 |     276 |  39.8 |      15 |       5 |  25.0
        D:6 |     834 |     839 |  50.1 |      22 |       7 |  24.1
        D:7 |    1634 |     496 |  23.3 |      21 |       5 |  19.2
        D:8 |    1663 |       0 |   0.0 |      39 |       0 |   0.0
        D:9 |    1540 |       0 |   0.0 |      14 |       0 |   0.0
       D:10 |    5712 |    1299 |  18.5 |      45 |      16 |  26.2
       D:11 |    2695 |    1089 |  28.8 |      31 |      10 |  24.4
       D:12 |    4003 |      58 |   1.4 |      22 |       2 |   8.3
      Sewer |       0 |     109 | 100.0 |       0 |      48 | 100.0
            +---------+---------+-------+---------+---------+-------
